 Dungeon Crawl Stone Soup version 0.23.2-40-g277498a001 (webtiles) character file.

Game seed: 11718662561787045506

2598 Curus the Transmogrifier (level 9, -15/70 HPs)
             Began as a Merfolk Transmuter on Oct 1, 2019.
             Was a Priest of Okawaru.
             Demolished by a crocodile (19 damage)
             ... on level 8 of the Dungeon.
             The game lasted 00:38:58 (6806 turns).

Curus the Transmogrifier (Merfolk Transmuter)       Turns: 6806, Time: 00:38:59

Health: -15/70     AC:  2    Str:  9    XL:     9   Next: 59%
Magic:  6/13       EV: 13    Int: 15    God:    Okawaru [***...]
Gold:   159        SH:  3    Dex: 12    Spells: 0/13 levels left

rFire    x . .     SeeInvis +     - Unarmed
rCold    + + +     Gourm    .   (shield currently unavailable)
rNeg     . . .     Faith    .   (armour currently unavailable)
rPois    +         Spirit   .   (helmet currently unavailable)
rElec    .         Reflect  +   (cloak currently unavailable)
rCorr    .         Harm     .   (gloves currently unavailable)
MR       +....                  (boots currently unavailable)
Stlth    +++.......             g - +3 amulet of reflection
HPRegen  0.21/turn              z - ring of see invisible
MPRegen  0.13/turn              i - +2 ring of slaying

@: ice-form, heroism, corroded
A: large, (change form in water), (swift swim), (stealthy swim), clumsy 1, magic
resistance 1, weak 1
a: End Transformation, Heroism, Renounce Religion


You were on level 8 of the Dungeon.
You worshipped Okawaru.
Okawaru was most pleased with you.
You were hungry.
You were a creature of crystalline ice.
You visited 2 branches of the dungeon, and saw 9 of its levels.

You collected 531 gold pieces.
You spent 372 gold pieces at shops.

Inventory:

Missiles
 a - 122 arrows
Armour
 b - a +1 robe
 f - a +2 pair of boots (melded)
 j - a scarf of spirit shield
 l - a +1 pair of gloves
 o - a +2 pair of gloves of dexterity (melded)
 t - a +2 leather armour of fire resistance (melded)
 y - a +0 cloak (melded)
Jewellery
 c - a +4 ring of intelligence
 g - a +3 amulet of reflection (around neck)
 i - a +2 ring of slaying (right front paw)
 z - a ring of see invisible (left front paw)
Wands
 m - a wand of digging (3)
 q - a wand of iceblast (11)
 r - a wand of flame (63)
 s - a wand of random effects (39)
Scrolls
 e - 12 scrolls of identify
 k - a scroll of enchant weapon
 n - 4 scrolls of remove curse
 p - 3 scrolls of teleportation
 u - a scroll of fear
Potions
 h - 5 potions of curing
 v - a potion of heal wounds
 w - a potion of haste
 x - a potion of resistance
 A - a potion of ambrosia
Comestibles
 d - 19 rations


   Skills:
 - Level 1.1(6.1) Fighting
 - Level 2.6(7.6) Dodging
 - Level 10.1(15.1) Unarmed Combat
 - Level 2.6 Spellcasting
 + Level 10.8 Transmutations
 + Level 3.2 Ice Magic
 - Level 2.0 Poison Magic


You couldn't memorise any spells.
You knew the following spells:

 Your Spells              Type           Power        Failure   Level  Hunger
a - Beastly Appendage     Tmut           ####..       1%          1    #......
b - Spider Form           Tmut/Pois      ###.......   4%          3    ###....
c - Blade Hands           Tmut           ####......   7%          5    ######.
d - Ice Form              Ice/Tmut       ###.....     12%         4    #####..

Your spell library contained the following spells:

 Spells                   Type           Power        Failure   Level  Hunger
 Sticks to Snakes         Tmut           ####....     1%          2    ##.....
 Animate Skeleton         Necr           N/A          22%         1    #......
 Apportation              Tloc           #.....       22%         1    #......
 Confusing Touch          Hex            #.....       22%         1    #......
 Pain                     Necr           #...         22%         1    #......
 Summon Small Mammal      Summ           #...         22%         1    #......
 Regeneration             Chrm/Necr      #.........   54%         3    ###....
 Vampiric Draining        Necr           #.........   54%         3    ###....
 Animate Dead             Necr           N/A          91%         4    #####..


Dungeon Overview and Level Annotations

Branches:
Dungeon (8/15)             Temple (1/1) D:4
   Lair: D:8-11

Altars:
Cheibriados
Gozag
Nemelex Xobeh
Okawaru
Qazlal
Ru
Sif Muna
Trog
The Shining One

Shops:
D:7 !

Annotations:
D:4 2 transporters, fritzmikael's ghost, amateur BaSu


Innate Abilities, Weirdness & Mutations

((You revert to your normal form in water))
((You are very nimble and swift while swimming.))
((You are very stealthy in the water. (Stealth+)))
You are clumsy. (Dex -2)
((Armour fits poorly on your strangely shaped body.))
You are resistant to hostile enchantments. (MR+)
You are weak. (Str -2)


Message History

The acid dragon spits acid at you. The splash of acid hits you.
The acid corrodes you!
You are splashed with acid!
* * * LOW HITPOINT WARNING * * *
You gain the combat prowess of a mighty hero.
The crocodile bites you!
* * * LOW HITPOINT WARNING * * *
You feel more confident with your borrowed prowess.
The crocodile misses you.
Okay, then.
Unknown command.
Unknown command.
You punch the acid dragon! You freeze the acid dragon.
The acid dragon is severely wounded.
The acid dragon bites you.
* * * LOW HITPOINT WARNING * * *
The acid dragon claws you but does no damage.
You hit the acid dragon. You freeze the acid dragon.
The acid dragon is almost dead.
The crocodile bites you!!
You die...

######### ### #.# ##
. .####### #.##...
#...##.###
######.......
####..##.#
#....YD......
##....###.....t..####
##.........###.#.#
#.######### .# # ###
#


You could see a crocodile and an acid dragon.

Vanquished Creatures
  A hippogriff (D:8)
  2 wyverns (D:8)
  Duvessa (D:6)
  An ice beast (D:7)
  A necrophage (D:6)
  3 centaurs
  4 ogres
  2 bullfrogs (D:8)
  Dowan (D:6)
  A scorpion (D:4)
  4 crimson imps
  A quasit (D:8)
  A hound (D:5)
  A bullfrog zombie (D:8)
  2 orc priests
  Crazy Yiuf (D:6)
  2 centaur skeletons
  A gnoll shaman (D:5)
  3 orc wizards
  Natasha (twice) (D:2)
  3 bullfrog skeletons
  An iguana (D:5)
  5 worker ants
  A hound skeleton (D:5)
  A howler monkey zombie (D:6)
  5 gnolls (D:5)
  A howler monkey skeleton (D:3)
  6 adders
  A shadow imp (D:7)
  2 adder skeletons (D:3)
  An adder zombie (D:8)
  2 dart slugs
  5 leopard geckos
  13 orcs
  A ball python (D:1)
  4 bats
  3 giant cockroaches
  5 goblins
  5 hobgoblins
  7 jackals
  4 quokkas
  8 frilled lizards
  A jackal zombie (D:6)
  7 kobolds
  2 leopard gecko skeletons
  2 quokka skeletons
  6 rats
137 creatures vanquished.

Vanquished Creatures (others)
  An orc wizard (D:7)
1 creature vanquished.

Grand Total: 138 creatures vanquished

Notes
Turn   | Place    | Note
-------+----------+-------------------------------------------
     0 | D:1      | Curus the Merfolk Transmuter began the quest for the Orb.
     0 | D:1      | Reached XP level 1. HP: 15/15 MP: 3/3
   143 | D:1      | Reached XP level 2. HP: 18/21 MP: 3/5
   947 | D:2      | Reached XP level 3. HP: 14/26 MP: 4/6
   952 | D:2      | Learned a level 3 spell: Spider Form
  1341 | D:2      | Found a snail-covered altar of Cheibriados.
  1611 | D:2      | Noticed Natasha
  1618 | D:2      | Killed Natasha
  1618 | D:2      | Reached skill level 1 in Poison Magic
  1618 | D:2      | Reached XP level 4. HP: 23/32 MP: 3/7
  1858 | D:2      | Noticed Natasha
  1865 | D:2      | Killed Natasha
  2105 | D:3      | Reached skill level 5 in Unarmed Combat
  2155 | D:3      | Reached XP level 5. HP: 28/37 MP: 8/8
  2161 | D:3      | Found a faded altar of an unknown god.
  2481 | D:3      | Found a deep blue altar of Sif Muna.
  2516 | D:3      | Found a sacrificial altar of Ru.
  2792 | D:4      | Found a transporter.
  2799 | D:4      | Found a transporter.
  2803 | D:4      | Noticed fritzmikael's ghost (amateur BaSu)
  2857 | D:4      | Reached XP level 6. HP: 39/43 MP: 5/9
  2930 | D:4      | Found a staircase to the Ecumenical Temple.
  2939 | Temple   | Entered the Ecumenical Temple
  2955 | Temple   | Became a worshipper of Warmaster Okawaru
  3015 | D:4      | Found a stormy altar of Qazlal.
  3150 | D:4      | Found a glowing golden altar of the Shining One.
  3423 | D:4      | Found a bloodstained altar of Trog.
  3423 | D:4      | Found a stormy altar of Qazlal.
  3488 | D:4      | Reached XP level 7. HP: 48/48 MP: 6/10
  3628 | D:5      | Entered Level 5 of the Dungeon
  3785 | D:5      | Reached * piety under Okawaru
  3839 | D:5      | Gained mutation: Armour fits poorly on your strangely
                  | shaped body. [potion of mutation]
  3839 | D:5      | Gained mutation: You are clumsy. (Dex -2) [potion of
                  | mutation]
  3839 | D:5      | Gained mutation: You are weak. (Str -2) [potion of
                  | mutation]
  3839 | D:5      | Gained mutation: You are resistant to hostile enchantments.
                  | (MR+) [potion of mutation]
  4333 | D:6      | Found a runed translucent door.
  4336 | D:6      | Noticed Crazy Yiuf
  4431 | D:6      | Reached XP level 8. HP: 51/54 MP: 7/11
  4540 | D:6      | Reached skill level 10 in Unarmed Combat
  4549 | D:6      | Learned a level 5 spell: Blade Hands
  4703 | D:6      | Noticed Duvessa
  4707 | D:6      | Noticed Dowan
  4715 | D:6      | Killed Duvessa
  4715 | D:6      | Reached ** piety under Okawaru
  4715 | D:6      | Reached skill level 5 in Transmutations
  4718 | D:6      | Killed Dowan
  5036 | D:7      | Found Mousoet's Distillery.
  5044 | D:7      | Bought a potion of heal wounds for 60 gold pieces
  5044 | D:7      | Bought a potion of haste for 120 gold pieces
  5044 | D:7      | Bought a potion of curing for 36 gold pieces
  5044 | D:7      | Bought a potion of resistance for 120 gold pieces
  5044 | D:7      | Bought a potion of curing for 36 gold pieces
  5130 | D:6      | Killed Crazy Yiuf
  5666 | D:8      | Noticed a hippogriff
  5675 | D:8      | Killed a hippogriff
  5675 | D:8      | Reached XP level 9. HP: 36/59 MP: 8/12
  5941 | D:8      | Reached skill level 10 in Transmutations
  5958 | D:8      | Learned a level 4 spell: Ice Form
  6039 | D:8      | Reached *** piety under Okawaru
  6043 | D:8      | Reached skill level 1 in Ice Magic
  6799 | D:8      | Received a gift from Okawaru
  6805 | D:8      | HP: 3/70 [acid dragon (5)]
  6806 | D:8      | Demolished by a crocodile

Skill      XL: |  1  2  3  4  5  6  7  8  9 |
---------------+----------------------------+-----
Unarmed Combat | 4 5 6 7 9 10 | 10.1
Transmutations | 3 9 10 | 10.8
Poison Magic   | 1 2 |  2.0
Ice Magic      | 3 |  3.2
Fighting       | |  1.1
Dodging        | |  2.6
Spellcasting   | |  2.6

Action                   |  1- 3 |  4- 6 |  7- 9 || total
-------------------------+-------+-------+-------++-------
Melee: Unarmed           |    73 |   125 |   271 ||   469
       Headbutt          |     6 |     6 |    20 ||    32
       Punch             |       |     3 |     5 ||     8
 Cast: Beastly Appendage |    13 |    11 |    17 ||    41
       Spider Form       |     1 |     4 |     8 ||    13
       Ice Form          |       |       |     1 ||     1
Invok: Heroism           |       |       |     2 ||     2
  Use: Scroll            |     4 |     4 |     3 ||    11
       Potion            |     1 |     3 |     3 ||     7
 Stab: Sleeping          |     1 |     1 |     1 ||     3
  Eat: Chunk             |     2 |     3 |    12 ||    17
       Ration            |       |     1 |       ||     1
Armor: Robe              |    10 |    14 |     8 ||    32
       Skin              |       |       |     7 ||     7
       Leather armour    |       |       |    37 ||    37
Dodge: Dodged            |    36 |    71 |   142 ||   249
Block: Other             |       |     9 |    25 ||    34
